 Dungeon Crawl Stone Soup version 0.27-a0-1532-gca18f49f40 (webtiles) character file.

Game seed: 8938673094562938554

2 chunkyMonkey the Grave Robber (level 1, -2/18 HPs)
             Began as an Ogre Necromancer on July 12, 2021.
             Slain by a quokka (3 damage)
             ... on level 1 of the Dungeon.
             The game lasted 00:01:12 (206 turns).

chunkyMonkey the Grave Robber (Ogre Necromancer)     Turns: 206, Time: 00:01:12

Health: -2/18      AC:  3    Str: 11    XL:     1   Next: 40%
Magic:  0/3        EV:  9    Int: 16    God:
Gold:   0          SH:  0    Dex:  9    Spells: 3/4 levels left

rFire    . . .     SeeInvis .   (no weapon)
rCold    . . .     Faith    .   (no shield)
rNeg     . . .     Spirit   .   a - +0 robe
rPois    .         Reflect  .   (helmet restricted)
rElec    .         Harm     .   (no cloak)
rCorr    .         Rampage  .   (gloves unavailable)
Will     .....                  (boots unavailable)
Stlth    +.........             (no amulet)
HPRegen  0.06/turn              (no ring)
MPRegen  0.08/turn              (no ring)

@: no status effects
A: large, unfitting armour, tough skin 1
a: no special abilities


You were on level 1 of the Dungeon.
You visited 1 branch of the dungeon, and saw 1 of its levels.

Inventory:

Armour
 a - a +0 robe (worn)


   Skills:
 * Level 0.3 Fighting
 * Level 0.1 Armour
 + Level 1.8 Dodging
 + Level 1.4 Stealth
 * Level 2.4 Spellcasting
 + Level 3.6 Necromancy


You had 3 spell levels left.
You knew the following spells:

 Your Spells              Type           Power      Damage    Failure   Level
a - Pain                  Necr           52%        1d6       4%          1

Your spell library contained the following spells:

 Spells                   Type           Power      Damage    Failure   Level
 Animate Skeleton         Necr           26%        N/A       4%          1
 Vampiric Draining        Necr           6%         2d6       13%         3
 Animate Dead             Necr           6%         N/A       41%         4
 Agony                    Necr           13%        N/A       77%         5


Dungeon Overview and Level Annotations

Branches:
Dungeon (1/15)

Altars:


Innate Abilities, Weirdness & Mutations

You are too large for most types of armour.
You have tough skin. (AC +1)


Message History

Press: ? - help, Shift-Dir - straight line, f - quokka
Aim: a quokka (wandering, hasn't noticed you, chance to affect: 83%)
The quokka barely resists.
Casting: Pain (safe; 4% risk of failure)
Confirm with . or Enter, or press ? or * to list all spells.
You don't have enough magic to cast this spell.
Unknown command.
The quokka twitches its whiskers.
The quokka bites you but does no damage.
The quokka bites you. The quokka bites you. The quokka completely misses you.
The quokka barely misses you.
Casting: Pain (safe; 4% risk of failure)
Confirm with . or Enter, or press ? or * to list all spells.
Aiming: Pain (safe; 4% risk of failure)
Press: ? - help, Shift-Dir - straight line, f/p - quokka
Aim: a quokka (chance to affect: 83%)
The quokka writhes in agony.
The quokka completely misses you.
Casting: Pain (safe; 4% risk of failure)
Confirm with . or Enter, or press ? or * to list all spells.
Okay, then.
You closely miss the quokka.
The quokka is heavily wounded.
The quokka bites you.
You hit the quokka but do no damage.
The quokka is heavily wounded.
The quokka bites you.
* * * LOW HITPOINT WARNING * * *
You barely miss the quokka.
The quokka is heavily wounded.
The quokka completely misses you. The quokka bites you.
* * * LOW HITPOINT WARNING * * *
Casting: Pain (safe; 4% risk of failure)
Confirm with . or Enter, or press ? or * to list all spells.
Aiming: Pain (safe; 4% risk of failure)
Press: ? - help, Shift-Dir - straight line, f/p - quokka
Aim: a quokka (heavily wounded, chance to affect: 83%)
The quokka writhes in agony.
The quokka bites you.
You die...

......# ##....#
#..).## #.....###
#.......##
#.....#..#
#####..#.#
##.#.##########
#.......rr@..#
##....#######......
#..##..## ####.
######.###...####
........##......##
........#####....##
........# ###...#
.........# ##..#
..........# #..#


You could see 2 quokkas.

Vanquished Creatures
  A bat (D:1)
  A hobgoblin (D:1)
2 creatures vanquished.

Notes
Turn   | Place    | Note
-------+----------+-------------------------------------------
     0 | D:1      | chunkyMonkey the Ogre Necromancer began the quest for the
                  | Orb.
     0 | D:1      | Reached XP level 1. HP: 16/16 MP: 3/3
   206 | D:1      | Slain by a quokka

Illustrated notes

Levels and vault maps discovered:
D:1:      dpeg_arrival_lava_altar, layout_rooms,
          ebering_ecumenical_altar_petrified, st_stairs_9

Action                   || total
-------------------------++-------
Melee: Unarmed           ||     3
 Cast: Pain              ||     6
Armor: Robe              ||     1
Dodge: Dodged            ||     4

Table legend: (Time is in decaauts)
 A = Elapsed time spent in this place.
 B = Non-inter-level travel time spent in this place.
 C = Inter-level travel time spent in this place.
 D = Time resting spent in this place.
 E = Time spent auto-exploring this place.
 F = Levels seen in this place.
 G = Mean time per level.
                   A        B        C        D        E       F      G
               +--------+--------+--------+--------+--------+-----+--------+
         Total |    206 |    206 |      0 |    109 |     58 |   1 |  206.0 |
       Dungeon |    206 |    206 |      0 |    109 |     58 |   1 |  206.0 |
               +--------+--------+--------+--------+--------+-----+--------+

Top non-repeatable levels by time:
     D:1: 206 daAuts
